 Dungeon Crawl Stone Soup version 0.31-a0-7-g51783674b7 (webtiles) character file.

Game seed: 8337763723691058309

892 Moonkey the Magician (level 7, -5/44 HPs)
             Began as a Deep Elf Conjurer on May 6, 2023.
             Was a Follower of Vehumet.
             Slain by Pikel
             ... wielding a +2 whip of flaming
              (12 damage)
             ... on level 3 of the Dungeon.
             The game lasted 00:11:05 (4792 turns).

Moonkey the Magician (Deep Elf Conjurer)            Turns: 4792, Time: 00:11:06

Health: -5/44      AC:  2    Str:  4    XL:     7   Next: 78%
Magic:  3/18       EV: 13    Int: 25    God:    Vehumet [*.....]
Gold:   129        SH:  5    Dex: 13    Spells: 12/19 levels left

rFire   . . .        (no weapon)
rCold   . . .        (no shield)
rNeg    . . .        a - +0 robe
rPois   .            (no helmet)
rElec   .            (no cloak)
rCorr   +            (no gloves)
SInv    .            (no boots)
Will    .....        v - amulet of reflection
Stlth   +++          e - ring of resist corrosion
HPRegen 0.27/turn    (no ring)
MPRegen 0.16/turn

%: reflection
@: no status effects
A: sense surroundings 1, robust 1
a: Renounce Religion


You were on level 3 of the Dungeon.
You worshipped Vehumet.
Vehumet was aware of your devotion.
You visited 2 branches of the dungeon, and saw 5 of its levels.

You collected 129 gold pieces.

Inventory:

Armour
 a - a +0 robe (worn)
Jewellery
 c - an amulet of guardian spirit
 e - a ring of resist corrosion (left hand)
 t - a +4 ring of slaying
 v - an amulet of reflection (around neck)
 w - an amulet of faith
Scrolls
 d - 2 scrolls of noise {unknown}
 g - 4 scrolls of fear {unknown}
 h - 3 scrolls of teleportation {unknown}
 i - a scroll of amnesia {unknown}
 k - 2 scrolls of immolation {unknown}
 o - a scroll of poison {unknown}
 p - 2 scrolls of identify {unknown}
 s - a scroll of enchant weapon {unknown}
 u - a scroll of blinking {unknown}
Potions
 b - 4 potions of magic
 f - 2 potions of curing {unknown}
 j - a potion of brilliance {unknown}
 l - a potion of lignification {unknown}
 m - a potion of cancellation {unknown}
 n - a potion of might {unknown}
 q - 2 potions of mutation
 r - a potion of heal wounds {unknown}


   Skills:
 + Level 2.1 Fighting
 + Level 4.4 Dodging
 + Level 4.7 Stealth
 * Level 6.6 Spellcasting
 * Level 6.6 Conjurations
 + Level 2.9 Translocations


You had 12 spell levels left.
You knew the following spells:

 Your Spells              Type           Power      Damage    Failure   Level
a - Magic Dart            Conj           100%       1d8       1%          1
b - Searing Ray           Conj           82%        2d7       1%          2
c - Iskenderun's Mystic   Conj/Tloc      32%        2d8       10%         4

Your spell library contained the following spells:

 Spells                   Type           Power      Damage    Failure   Level
 Shock                    Conj/Air       96%        1d9       1%          1
 Dazzling Flash           Conj/Hex       48%        N/A       5%          3
 Mephitic Cloud           Conj/Pois/Air  19%        N/A       9%          3
 Poisonous Vapours        Pois/Air       16%        N/A       11%         2
 Sublimation of Blood     Necr           8%         N/A       11%         2
 Wereblood                Tmut           8%         N/A       11%         2
 Portal Projectile        Hex/Tloc       30%        N/A       12%         3
 Vhi's Electric Charge    Tloc/Air       30%        N/A       12%         3
 Fulminant Prism          Conj/Hex       12%        3d9       19%         4
 Tukima's Dance           Hex            8%         N/A       22%         3
 Arcjolt                  Conj/Air       12%        1d22      45%         5
 Freezing Cloud           Conj/Ice/Air   9%         6-21      61%         5
 Blade Hands              Tmut           4%         N/A       89%         5
 Summon Hydra             Summ           4%         N/A       100%        7
 Maxwell's Capacitive Co  Air            4%         ∞         100%        8


Dungeon Overview and Level Annotations

Branches:
Dungeon (4/15)             Temple (1/1) D:4

Altars:
Ashenzari
Cheibriados
Dithmenos
Elyvilon
Fedhas
Gozag
Kikubaaqudgha
Makhleb
Nemelex Xobeh
Qazlal
Ru
Sif Muna
Uskayaw
Vehumet
Wu Jian

Shops:
D:3 (

Annotations:
D:3 2 transporters, Pikel; voltaire321's ghost, weakling OpAE
D:4 3 runed translucent doors, bande's ghost, amateur GrFi


Innate Abilities, Weirdness & Mutations

You passively map a small area around you.
You are robust. (+10% HP)


Message History

Pikel burns you.
Unknown command.
Unknown command.
Casting: Iskenderun's Mystic Blast (quite dangerous; 10% risk of failure)
Confirm with . or Enter, or press ? or * to list all spells.
The spell is quite dangerous to miscast (10% risk of failure)!
Continue anyway?
You erupt in a blast of force!
The mystic blast hits the lemure!
The lemure is moderately wounded.
The mystic blast hits Pikel but does no damage.
Pikel is moderately wounded.
Pikel misses you.
Unknown command.
Pikel attacks as you move away! Pikel barely misses you.
Your magical contamination has completely faded away.
There is a stone staircase leading up here.
Casting: Iskenderun's Mystic Blast (quite dangerous; 10% risk of failure)
Confirm with . or Enter, or press ? or * to list all spells.
The spell is quite dangerous to miscast (10% risk of failure)!
Continue anyway?
You erupt in a blast of force!
The mystic blast hits Pikel but does no damage.
Pikel is moderately wounded.
Pikel hits you with a +2 whip of flaming.
Pikel burns you.
Unknown command.
Casting: Iskenderun's Mystic Blast (quite dangerous; 10% risk of failure)
Confirm with . or Enter, or press ? or * to list all spells.
Okay, then.
Pikel hits you with a +2 whip of flaming!
* * * LOW HITPOINT WARNING * * *
Pikel burns you.
* * * LOW HITPOINT WARNING * * *
You climb upwards.
Level annotation: 2 transporters, voltaire321's ghost, weakling OpAE
There is a stone staircase leading down here.
The goblin shouts!
The frilled lizard hisses angrily.
Pikel attacks as you move away! Pikel barely misses you.
There is a stone staircase leading up here.
Pikel attacks as you move away!
Pikel hits you with a +2 whip of flaming!
You die...

#.#.###.'≈≈≈≈#.# #.#
#.#.###.######.## #.# #####
##...............# #.# ....#
#..........#####.# #.# # ###.#
#.#..##.#..#####.# #.###
###.#####.#..#........##.####.##.
................#.............#.#
###.#####...###.#..##.##.#######.
###.#####.......@K.....>.# ##
....#.............###.#### #
####.......©.......##.## ####
#...#########...#...# #...
#..##8..?$g8##..#...# #.##
####..#.......lW#..#...# ###.##
......#..#...#h.#..#...#####.....
......#.#.....#.#..........#.#..#
......#....©....#................


You could see Pikel, a hound (wandering), voltaire321's ghost, a goblin and a
frilled lizard.

Vanquished Creatures
  Sigmund (D:3)
  A water moccasin (D:4)
  A black bear (D:4)
  2 lemures (D:4)
  2 scorpions (D:4)
  A hound (D:4)
  2 orc priests
  4 orc wizards
  2 iguanas
  3 gnolls (D:4)
  8 adders
  4 dart slugs
  7 orcs
  4 bats
  9 endoplasms
  2 giant cockroaches
  6 goblins
  8 hobgoblins
  4 quokkas
  6 ball pythons
  A frilled lizard (D:1)
  8 kobolds
  6 rats
92 creatures vanquished.

Vanquished Creatures (others)
  An orc wizard (D:3)
1 creature vanquished.

Grand Total: 93 creatures vanquished

Notes
Turn   | Place    | Note
-------+----------+-------------------------------------------
     0 | D:1      | Moonkey the Deep Elf Conjurer began the quest for the Orb.
     0 | D:1      | Reached XP level 1. HP: 10/10 MP: 6/6
   198 | D:1      | Reached XP level 2. HP: 11/15 MP: 2/8
  1071 | D:2      | Reached XP level 3. HP: 20/20 MP: 5/10
  1074 | D:2      | Learned a level 2 spell: Searing Ray
  1336 | D:2      | Reached skill level 1 in Translocations
  1518 | D:2      | Reached XP level 4. HP: 24/24 MP: 8/11
  1549 | D:2      | Learned a level 4 spell: Iskenderun's Mystic Blast
  2003 | D:3      | Reached skill level 5 in Conjurations
  2077 | D:3      | Found a transporter.
  2263 | D:3      | Found a transporter.
  2265 | D:3      | Noticed voltaire321's ghost (weakling OpAE)
  2300 | D:3      | Found a shimmering blue altar of Sif Muna.
  2315 | D:3      | Reached skill level 1 in Fighting
  2319 | D:3      | Reached XP level 5. HP: 24/29 MP: 3/13
  2497 | D:3      | Found a burning altar of Makhleb.
  2530 | D:3      | Found Cossuah's Antique Weapon Shoppe.
  2646 | D:3      | Reached skill level 5 in Spellcasting
  2704 | D:3      | Noticed Sigmund
  2711 | D:3      | Killed Sigmund
  2712 | D:3      | Reached XP level 6. HP: 11/34 MP: 6/16
  2815 | D:3      | Gained mutation: You are robust. (+10% HP) [potion of
                  | mutation]
  2815 | D:3      | Gained mutation: You passively map a small area around you.
                  | [potion of mutation]
  3124 | D:3      | Found a white marble altar of Elyvilon.
  3153 | D:3      | Found a radiant altar of Vehumet.
  3157 | D:3      | Became a worshipper of Vehumet
  3198 | D:4      | Found a shadowy altar of Dithmenos.
  3203 | D:4      | Noticed a water moccasin
  3208 | D:4      | Killed a water moccasin
  3209 | D:4      | Reached XP level 7. HP: 42/42 MP: 9/17
  3344 | D:4      | Found a runed translucent gate.
  3345 | D:4      | Found a runed translucent gate.
  3346 | D:4      | Found a runed translucent gate.
  3347 | D:4      | Found an opulent altar of Gozag.
  3348 | D:4      | Noticed bande's ghost (amateur GrFi)
  4106 | D:4      | Found a staircase to the Ecumenical Temple.
  4111 | Temple   | Entered the Ecumenical Temple
  4582 | D:4      | Reached * piety under Vehumet
  4582 | D:4      | Offered knowledge of Shock by Vehumet.
  4758 | D:4      | Noticed Pikel
  4792 | D:3      | Slain by Pikel

Illustrated notes

Levels and vault maps discovered:
D:1:      mrwooster_arrival_statue_3, layout_rooms, hex_large, st_stairs_9
D:2:      layout_basic, minmay_split_cup_large
D:3:      layout_loops_cross, led_sif_book, general_overflow_altar,
          mainiacjoe_overflow_big_doors, serial_shops, shop_statue,
          gammafunk_ghost_arena, uniq_sigmund
D:4:      layout_basic, grunt_dithmenos_smoke, temple_doors_ab,
          ebering_ghost_gozag, uniq_pikel
Temple:   nicolae_temple_figure_zero

Skill      XL: |  1  2  3  4  5  6  7 |
---------------+----------------------+-----
Stealth        | 3 4 |  4.7
Translocations | 1 2 |  2.9
Spellcasting   | 4 5 6 |  6.6
Conjurations   | 5 6 |  6.6
Dodging        | 3 4 |  4.4
Fighting       | 1 2 |  2.1

Action                     |  1- 3 |  4- 6 |  7- 9 || total
---------------------------+-------+-------+-------++-------
  Melee: Unarmed           |       |       |     1 ||     1
   Cast: Magic Dart        |    65 |    46 |    46 ||   157
         Searing Ray       |     1 |    12 |    12 ||    25
         Iskenderun's Myst |       |       |     3 ||     3
    Use: Potion            |       |     1 |       ||     1
 Armour: Robe              |     2 |       |     3 ||     5
  Dodge: Dodged            |     5 |     9 |     5 ||    19
  Block: Other             |       |       |     1 ||     1

Table legend: (Time is in decaauts)
 A = Elapsed time spent in this place.
 B = Non-inter-level travel time spent in this place.
 C = Inter-level travel time spent in this place.
 D = Time resting spent in this place.
 E = Time spent auto-exploring this place.
 F = Levels seen in this place.
 G = Mean time per level.
                   A        B        C        D        E       F      G
               +--------+--------+--------+--------+--------+-----+--------+
         Total |   4791 |   4647 |    144 |    829 |   3352 |   5 |  958.2 |
       Dungeon |   4667 |   4532 |    135 |    829 |   3239 |   4 | 1166.8 |
        Temple |    123 |    114 |      9 |      0 |    113 |   1 |  123.0 |
               +--------+--------+--------+--------+--------+-----+--------+

Top non-repeatable levels by time:
     D:4: 1462 daAuts
     D:3: 1245 daAuts
     D:2: 1017 daAuts
     D:1: 942 daAuts
  Temple: 123 daAuts
